Map: Lerilak Crest

Players

SticklerMac

  • Race: Zerg Zerg
  • League: Silver

Evanz - Winner!

  • Race: Protoss Protoss
  • League: Silver

VOD

Have the link to the VOD?

Description

Time

  • Played on: Aug. 18, 2015, 12:29 a.m.
  • Length: 10:50
Show
View Real Time Build Order
Export as new Build Order

SticklerMac Zerg 

Build Orders: Pool First 

Get SALT Encoding   

  12  0:01  Drone  
  13  0:10  Drone  
  14  0:18  Overlord  
  14  0:37  Drone x3  
  17  1:00  Drone x2  
  19  1:05  Spawning Pool  
  18  1:21  Drone x2  
  20  1:28  Extractor  
  19  1:35  Drone  
  20  1:49  Drone  
  21  1:54  Drone  
  22  2:15  Hatchery  
  22  2:26  Hatchery  
  22  2:29  Drone  
  22  2:30  Overlord x2  
  22  2:39  Metabolic Boost  
  22  2:47  Overlord  
  22  2:48  Queen  
  24  2:52  Drone  
  25  3:03  Drone  
  26  3:16  Roach Warren  
  26  3:17  Evolution Chamber  
  26  3:19  Drone  
  25  3:27  Drone  
  26  3:35  Drone  
  27  3:45  Zergling x2  
  28  3:55  Extractor  
  28  3:56  Queen  
  31  4:06  Lair  
  31  4:08  Drone x3  
  31  4:09  Drone x2  
  34  4:11  Drone x4  
  34  4:14  Drone  
  39  4:36  Drone  
  39  4:37  Extractor  
  39  4:38  Drone x3  
  42  4:44  Roach  
  44  4:46  Zerg Missile Weapons Level 1  
  44  4:48  Overlord  
  44  5:06  Drone x2  
  44  5:07  Drone x3, Overlord  
  49  5:28  Glial Reconstitution  
  48  5:32  Roach x6  
  60  5:36  Overlord x2  
  60  5:45  Roach  
  60  5:46  Roach x2  
  66  5:55  Roach x5  
  76  5:58  Roach  
  78  6:05  Roach  
  78  6:08  Roach  
  82  6:19  Overlord x5  
  82  6:32  Overlord x3  
  82  6:40  Zerg Ground Armor Level 1  
  82  6:44  Drone  
  82  6:45  Drone x2  
  82  6:46  Drone, Tunneling Claws  
  81  6:47  Drone  
  81  6:49  Drone  
  82  7:01  Roach x6  
  82  7:02  Roach  
  82  7:04  Spore Crawler  
  82  7:07  Spore Crawler  
  94  7:09  Spore Crawler  
  94  7:13  Spore Crawler, Drone  
  93  7:16  Drone  
  94  7:29  Roach x5  
  104  7:32  Roach  
  106  7:39  Drone x2  
  108  7:46  Drone  
  109  7:53  Roach x4  
  109  7:55  Roach  
  119  8:05  Roach  
  121  8:14  Burrow  
  121  8:17  Roach x2  
  121  8:18  Roach x4  
  133  8:27  Roach x3  
  133  8:30  Overlord x2  
  139  8:36  Overlord  
  139  8:57  Drone  
  139  8:59  Roach  
  139  9:01  Hatchery  
  141  9:04  Roach  
  141  9:07  Roach  
  145  9:14  Roach x4  
  145  9:15  Roach x4  
  161  9:26  Ravager  
  161  9:27  Ravager  
  161  9:30  Overlord x2  
  163  9:36  Overlord  
  163  9:37  Overlord  
  163  9:57  Roach x2  
  163  9:58  Roach  
  169  10:01  Ravager x6  
  169  10:06  Zergling x2  
Show
View Real Time Build Order
Export as new Build Order

Evanz Protoss - Winner!

Build Orders:  

Get SALT Encoding   

  12  0:03  Probe  
  13  0:16  Probe  
  14  0:28  Pylon  
  14  0:46  Pylon  
  14  0:55  Pylon  
  15  1:04  Assimilator  
  15  1:05  Probe (Chrono Boost)  
  15  1:13  Probe (Chrono Boost)  
  16  1:22  Probe  
  16  1:24  Gateway  
  17  1:25  Forge  
  17  1:34  Probe  
  17  1:38  Assimilator  
  18  1:46  Probe  
  19  1:58  Probe  
  20  2:10  Probe  
  20  2:14  Nexus  
  21  2:22  Probe  
  22  2:27  Pylon  
  22  2:42  Cybernetics Core  
  22  2:45  Zealot  
  22  2:50  Photon Cannon  
  24  3:00  Photon Cannon  
  24  3:07  Probe  
  25  3:19  Probe  
  26  3:24  Zealot  
  26  3:26  Warp Gate  
  28  3:28  Mothership Core  
  28  3:34  Probe  
  31  3:49  Probe (Chrono Boost)  
  31  3:55  Probe (Chrono Boost)  
  32  4:01  Probe (Chrono Boost)  
  33  4:07  Probe (Chrono Boost)  
  33  4:08  Probe (Chrono Boost)  
  35  4:13  Pylon  
  35  4:15  Assimilator  
  35  4:19  Photon Cannon  
  35  4:22  Photon Cannon  
  35  4:25  Pylon  
  35  4:29  Pylon  
  35  4:30  Probe x2  
  37  4:32  Sentry (Chrono Boost)  
  37  4:36  Pylon, Protoss Ground Weapons Level 1  
  39  4:46  Stargate  
  39  4:48  Stargate  
  39  4:56  Assimilator  
  39  4:58  Stalker  
  41  5:05  Probe (Chrono Boost)  
  41  5:06  Probe (Chrono Boost)  
  44  5:16  Probe x2 (Chrono Boost)  
  45  5:33  Probe x2  
  47  5:36  Oracle, Phoenix  
  52  5:44  Fleet Beacon  
  52  5:48  Probe (Chrono Boost)  
  52  5:49  Probe (Chrono Boost)  
  54  5:56  Pylon  
  54  5:58  Probe x2 (Chrono Boost)  
  54  6:03  Stalker  
  64  6:41  Carrier (Chrono Boost)  
  64  6:43  Carrier (Chrono Boost)  
  64  6:55  Stalker  
  78  7:25  Protoss Ground Armor Level 1  
  78  7:27  Protoss Air Weapons Level 1  
  78  7:29  Zealot  
  80  7:32  Nexus  
  80  7:35  Assimilator  
  80  7:39  Assimilator  
  80  7:40  Probe x2  
  82  7:44  Pylon  
  82  7:47  Pylon  
  82  7:49  Pylon  
  82  7:52  Probe x2  
  82  7:53  Pylon  
  84  8:04  Probe x2  
  86  8:06  Graviton Catapult  
  86  8:12  Cybernetics Core  
  86  8:15  Gateway  
  86  8:17  Gateway  
  86  8:19  Gateway  
  86  8:39  Photon Cannon  
  86  8:43  Photon Cannon  
  86  8:46  Photon Cannon x2  
  86  8:53  Pylon  
  86  8:56  Pylon  
  86  8:57  Carrier (Chrono Boost)  
  86  8:58  Probe x3  
  89  9:08  Carrier (Chrono Boost)  
  89  9:12  Pylon  
  89  9:17  Pylon  
  101  9:37  Sentry  
  103  9:51  Sentry x2  
  103  9:52  Sentry  
  109  10:05  Pylon  
  109  10:13  Stalker  
Tags
 
Add a new tag
Caveats
  • Supply blocks, unpowered buildings, or Contaminate may cause inaccurate times.
  • Supply counts are checked every 10 seconds.